 Dungeon Crawl Stone Soup version 0.31-a0-662-g684573625c (webtiles) character file.

Game seed: 2934920215910133331

7 subawu the Ruffian (level 1, 0/10 HPs)
             Began as a Draconian Shapeshifter on Sept 1, 2023.
             Slain by a ball python (2 damage)
             ... on level 1 of the Dungeon.
             The game lasted 00:01:30 (207 turns).

subawu the Ruffian (Draconian Shapeshifter)          Turns: 207, Time: 00:01:31

Health: 0/10       AC:  4    Str: 16    XL:     1   Next: 91%
Magic:  1/1        EV: 12    Int: 10    God:
Gold:   27         SH:  0    Dex: 10    Spells: 0/0 levels left

rFire   . .          .
                       - Unarmed
rCold   . . .        (shield currently unavailable)
rNeg    . . .        (body armour unavailable)
rPois   .            (helmet restricted)
rElec   .            (no cloak)
rCorr   .            (no gloves)
SInv    .            (no boots)
Will    .....        (no amulet)
Stlth   +            (no ring)
HPRegen 0.21/turn    (no ring)
MPRegen 0.07/turn

%: no passive effects
@: flux-form, glowing
A: glow, contaminating, reduced hp, AC +4, unfitting armour, cold-blooded
a: Begin Untransformation


You were on level 1 of the Dungeon.
You were something dangerously unstable.
You visited 1 branch of the dungeon, and saw 1 of its levels.

You collected 27 gold pieces.

Inventory:

Hand Weapons
 d - a +0 dagger
Armour
 e - a +0 buckler
Talismans
 b - a beast talisman
 c - a flux talisman (active)
Scrolls
 f - a scroll of poison {unknown}
 g - a scroll of teleportation
Potions
 a - a potion of lignification
 h - a potion of haste {unknown}


   Skills:
 + Level 1.1 Fighting
 + Level 1.7 Dodging
 + Level 3.2 Unarmed Combat
 + Level 3.2 Shapeshifting


You couldn't memorise any spells.
You didn't know any spells.
Your spell library contained the following spells:

 Spells                   Type           Power      Damage    Failure   Level
 Volatile Blastmotes      Fire/Tloc      0%         2d10      75%         3
 Fulminant Prism          Conj/Hex       0%         3d5       98%         4
 Iskenderun's Mystic Bla  Conj/Tloc      0%         2d3       98%         4


Dungeon Overview and Level Annotations

Branches:
Dungeon (1/15)

Altars:

Shops:
D:1 [


Innate Abilities, Weirdness & Mutations

You are something dangerously unstable.
You glow with magical radiation, making you easy to see and hit.
Foes you strike become dangerously contaminated with magical radiation.
Your maximum health is decreased, since you lack skill for your form.
You are incapable of wielding weapons or throwing items.
Your plain brown scales are hard. (AC +4)
You cannot fit into any form of body armour.
You are cold-blooded and may be slowed by cold attacks.


Message History

The goblin hits you with a +0 dagger. The hobgoblin barely misses you.
You hit the goblin.
The goblin begins to glow.
The goblin is severely wounded.
The hobgoblin completely misses you. The goblin closely misses you.
The ball python closely misses you. The ball python misses you.
You barely miss the goblin.
The goblin is severely wounded.
The hobgoblin closely misses you. The goblin barely misses you.
The ball python barely misses you. The ball python grabs you.
The ball python constricts you.
You closely miss the hobgoblin.
You tail-slap the hobgoblin, but do no damage.
The goblin barely misses you. The hobgoblin hits you.
The ball python barely misses you. The ball python constricts you.
You hit the hobgoblin but do no damage.
The hobgoblin begins to glow.
Your tail-slap misses the hobgoblin.
The goblin closely misses you.
The hobgoblin hits you but does no damage.
The ball python bites you but does no damage.
The ball python constricts you.
You barely miss the hobgoblin. You tail-slap the hobgoblin.
The hobgoblin is heavily wounded.
The hobgoblin barely misses you. The goblin hits you but does no damage.
The hobgoblin hits you. The ball python closely misses you.
The ball python constricts you.
You hit the hobgoblin.
You kill the hobgoblin!
The goblin hits you with a +0 dagger.
* * * LOW HITPOINT WARNING * * *
The ball python bites you but does no damage.
The ball python constricts you. The hobgoblin hits you.
* * * LOW HITPOINT WARNING * * *
You don't know any spells.
Okay, then.
The ball python's grasp on you weakens, but your attempt to escape fails.
The ball python closely misses you. The ball python constricts you.
The goblin completely misses you. The hobgoblin barely misses you.
You escape the ball python's grasp.
The goblin stops glowing.
The hobgoblin attacks as it pursues you!
The hobgoblin closely misses you. The ball python bites you.
You die...

#........##
###########
#.........# ......#
#.........# ......#
####......###......#
#...............#
#................
#................
#........gg......
#........BS......
#...........######.
#.#####.....# )..
.......... ##
.......$.....
#.#.#.######..
...#.#.# . ## #.#.#


You could see a hobgoblin, a goblin and a ball python.

Vanquished Creatures
  A dart slug (D:1)
  An endoplasm (D:1)
  A hobgoblin (D:1)
  A kobold (D:1)
  A rat (D:1)
5 creatures vanquished.

Notes
Turn   | Place    | Note
-------+----------+-------------------------------------------
     0 | D:1      | subawu the Draconian Shapeshifter began the quest for the
                  | Orb.
     0 | D:1      | Reached XP level 1. HP: 16/16 MP: 1/1
   150 | D:1      | Found Bylis's Armour Boutique.
   207 | D:1      | Slain by a ball python

Illustrated notes

Levels and vault maps discovered:
D:1:      dpeg_arrival_stone_temple_mockup, layout_basic,
          nicolae_ecumenical_snake_handling, serial_shops,
          nicolae_shop_tiny_waterfront

Action                     || total
---------------------------++-------
  Melee: Unarmed           ||    24
         Tailslap          ||     5
    Use: Scroll            ||     1
 Armour: Skin              ||    21
  Dodge: Dodged            ||    24
         Form:             ||     1
         Flux              ||     1

Table legend: (Time is in decaauts)
 A = Elapsed time spent in this place.
 B = Non-inter-level travel time spent in this place.
 C = Inter-level travel time spent in this place.
 D = Time resting spent in this place.
 E = Time spent auto-exploring this place.
 F = Levels seen in this place.
 G = Mean time per level.
                   A        B        C        D        E       F      G
               +--------+--------+--------+--------+--------+-----+--------+
         Total |    206 |    206 |      0 |      0 |     72 |   1 |  206.0 |
       Dungeon |    206 |    206 |      0 |      0 |     72 |   1 |  206.0 |
               +--------+--------+--------+--------+--------+-----+--------+

Top non-repeatable levels by time:
     D:1: 206 daAuts
